 Dungeon Crawl Stone Soup version 0.29.1-2-gbd0b4ee654 (webtiles) character file.

Game seed: 4584243945179875509

186 avis the Cleaver (level 5, -1/45 HPs)
             Began as a Hill Orc Monk on Oct 28, 2022.
             Was a Believer of Beogh.
             Slain by Prince Ribbit (11 damage)
             ... on level 5 of the Dungeon.
             The game lasted 00:11:39 (3031 turns).

avis the Cleaver (Hill Orc Monk)                    Turns: 3031, Time: 00:11:39

Health: -1/45      AC: 10    Str: 16    XL:     5   Next: 66%
Magic:  5/5        EV:  9    Int: 10    God:    Beogh [**....]
Gold:   160        SH:  0    Dex: 13    Spells: 4/4 levels left

rFire   x . .      SeeInvis .   a - +0 hand axe
rCold   + + .      Faith    .   (no shield)
rNeg    . . .      Spirit   .   k - +0 ice dragon scales
rPois   .          Reflect  .   h - +0 helmet
rElec   .          Harm     .   (no cloak)
rCorr   .          Rampage  .   (no gloves)
Will    .....                   (no boots)
Stlth   ..........              (no amulet)
HPRegen 0.15/turn               x - ring of flight
MPRegen 0.09/turn               (no ring)

@: flying
A: no striking features
a: Renounce Religion, Smiting


You were on level 5 of the Dungeon.
You worshipped Beogh.
Beogh was pleased with you.
You visited 1 branch of the dungeon, and saw 5 of its levels.

You collected 160 gold pieces.

Inventory:

Hand Weapons
 a - a +0 hand axe (weapon)
 o - a +0 sling
 y - a +0 halberd
Armour
 b - a +0 robe
 h - a +0 helmet (worn)
 k - +0 ice dragon scales (worn)
 w - a +1 scale mail of cold resistance
Magical Staves
 n - a staff of fire
 p - a staff of conjuration
Jewellery
 x - a ring of flight (left hand)
Scrolls
 d - a scroll of enchant armour {unknown}
 f - 2 scrolls of noise {unknown}
 g - a scroll of brand weapon {unknown}
 i - a scroll of poison {unknown}
 j - 3 scrolls of teleportation {unknown}
 l - a scroll of enchant weapon {unknown}
 m - a scroll of vulnerability {unknown}
 q - a scroll of magic mapping {unknown}
 r - 2 scrolls of identify {unknown}
 s - a scroll of butterflies {unknown}
Potions
 c - 2 potions of ambrosia
 e - 2 potions of attraction {unknown}
 t - a potion of lignification {unknown}
 u - a potion of might {unknown}
 v - a potion of curing {unknown}
 z - a potion of flight {unknown}


   Skills:
 - Level 3.6 Fighting
 * Level 8.1 Axes
 - Level 2.4 Dodging
 - Level 1.5 Stealth


You had 4 spell levels left.
You didn't know any spells.
Your spell library contained the following spells:

 Spells                   Type           Power      Damage    Failure   Level
 Poisonous Vapours        Pois/Air       0%         N/A       96%         2
 Static Discharge         Conj/Air       0%         3-3/arc   96%         2
 Corpse Rot               Necr/Pois/Air  0%         N/A       100%        4
 Lightning Bolt           Conj/Air       0%         1d11      100%        5
 Maxwell's Capacitive Co  Air            0%         ∞         100%        8


Dungeon Overview and Level Annotations

Branches:
Dungeon (6/15)
 Temple: D:4-7

Altars:

Shops:
D:3 [   D:6 ![=

Annotations:
D:5 1 runed translucent door, Prince Ribbit; TheGhostDragon952's ghost, novice MiBe


Message History

The quokka is heavily wounded.
The quokka bites you but does no damage.
You hit the quokka.
The quokka is heavily wounded.
The quokka bites you but does no damage.
You slash the quokka!
You kill the quokka!
Beogh accepts your kill.
You closely miss Prince Ribbit.
Prince Ribbit is lightly wounded.
Prince Ribbit hits you.
You completely miss Prince Ribbit.
Prince Ribbit is lightly wounded.
Prince Ribbit hits you but does no damage.
Prince Ribbit hits you.
You miss Prince Ribbit.
Prince Ribbit is lightly wounded.
Prince Ribbit blinks!
Prince Ribbit says, "You're just another fly to me."
Things that are here:
a +0 short sword; a +0 leather armour
Things that are here:
a +0 whip; an orc corpse Prince Ribbit attacks as you move away!
Prince Ribbit hits you. Prince Ribbit barely misses you.
There is a stone staircase leading down here.
You closely miss Prince Ribbit. You punch Prince Ribbit.
Prince Ribbit is lightly wounded.
Prince Ribbit barely misses you.
You hit Prince Ribbit.
Prince Ribbit is lightly wounded.
Prince Ribbit hits you!
* * * LOW HITPOINT WARNING * * *
You completely miss Prince Ribbit.
Prince Ribbit is lightly wounded.
Prince Ribbit hits you but does no damage.
You barely miss Prince Ribbit.
Prince Ribbit is lightly wounded.
Prince Ribbit hits you!
You die...

#.##†##
#.##..#
#.###F#
#)#
#.......#
#.#
##.F#...#
#)# .##
.# #.# ..
#F# ...
#@# ##.
#.# #.
#.# #.#
#.. #..
#.# ###


You could see Prince Ribbit.

Vanquished Creatures
  Terence (D:3)
  Natasha (thrice) (D:2)
  3 adders
  A worm (D:2)
  A dart slug (D:1)
  2 orcs (D:5)
  5 bats
  4 endoplasms
  2 giant cockroaches (D:1)
  2 goblins (D:1)
  5 hobgoblins
  4 jackals (D:1)
  3 quokkas
  6 ball pythons
  4 frilled lizards
  3 kobolds
  7 rats
56 creatures vanquished.

Vanquished Creatures (others)
  An orc priest (D:5)
  An orc (D:5)
2 creatures vanquished.

Grand Total: 58 creatures vanquished

Notes
Turn   | Place    | Note
-------+----------+-------------------------------------------
     0 | D:1      | avis the Hill Orc Monk began the quest for the Orb.
     0 | D:1      | Reached XP level 1. HP: 19/19 MP: 1/1
    41 | D:1      | Reached XP level 2. HP: 17/26 MP: 2/2
   360 | D:1      | Reached skill level 5 in Axes
   609 | D:1      | Reached XP level 3. HP: 25/31 MP: 3/3
  1064 | D:2      | Found a faded altar of an unknown god.
  1133 | D:2      | Noticed Natasha
  1147 | D:2      | Killed Natasha
  1148 | D:2      | Reached skill level 6 in Axes
  1148 | D:2      | Reached XP level 4. HP: 14/39 MP: 4/4
  1842 | D:2      | Noticed Natasha
  1859 | D:2      | Killed Natasha
  1860 | D:2      | Reached skill level 7 in Axes
  2299 | D:2      | Noticed Natasha
  2316 | D:2      | Killed Natasha
  2317 | D:2      | Reached XP level 5. HP: 35/45 MP: 5/5
  2469 | D:3      | Found Zoteqek's Antique Armour Shoppe.
  2845 | D:3      | Noticed Terence
  2861 | D:3      | Killed Terence
  2862 | D:3      | Reached skill level 8 in Axes
  2864 | D:3      | You fall into a shaft and drop 3 floors!
  2865 | D:6      | Found Punt's Jewellery Boutique.
  2866 | D:6      | Found Jotrokih's Distillery.
  2901 | D:6      | Found Viorche's Armour Shop.
  2916 | D:5      | Entered Level 5 of the Dungeon
  2925 | D:5      | Became a worshipper of Beogh the Brigand
  2925 | D:5      | Reached * piety under Beogh
  2925 | D:5      | Reached ** piety under Beogh
  2959 | D:5      | Found a runed translucent door.
  2973 | D:5      | Noticed TheGhostDragon952's ghost (novice MiBe)
  2973 | D:5      | Noticed an orc warrior
  2996 | D:5      | Noticed Prince Ribbit
  3031 | D:5      | Slain by Prince Ribbit

Illustrated notes

Levels and vault maps discovered:
D:1:      lightli_arrival_lavapool, layout_basic
D:2:      minmay_alternating_diamond, layout_loops_cross,
          shapermc_ecumenical_altar_venn, uniq_natasha
D:3:      layout_loops_ring, serial_shops, nicolae_square_shop,
          portal_sewer_entry_b, uniq_terence
D:5:      layout_rooms, nicolae_overflow_quartered_altars,
          ebering_ghost_inner_flame, uniq_sigmund, uniq_prince_ribbit1
D:6:      lemuel_ice_spiral_2, layout_basic, tgw_xom, minmay_temple_entry_tees,
          serial_shops, nicolae_shop_trees, shop, shop_fountains,
          shop_fountains, shop_fountains, minmay_misc_feat_rows

Skill      XL: |  1  2  3  4  5 |
---------------+----------------+-----
Axes           | 5 6 7 8 |  8.1
Fighting       | |  3.6
Dodging        | |  2.4
Stealth        | |  1.5

Action                   |  1- 3 |  4- 6 || total
-------------------------+-------+-------++-------
Melee: Hand axe          |    98 |   140 ||   238
       Punch             |     3 |     2 ||     5
Invok: Convert to Beogh  |       |     1 ||     1
 Stab: Sleeping          |     4 |       ||     4
Armor: Robe              |    17 |       ||    17
       Ice dragon scales |     7 |    83 ||    90
Dodge: Dodged            |    65 |    68 ||   133
